 Dungeon Crawl Stone Soup version 0.24.0-37-gcf1ca852f1 (webtiles) character file.

Game seed: 3487962941897891068, levelgen mode: deterministic

5931 Peloso the Carver (level 10, -5/88 HPs)
             Began as a Minotaur Fighter on Nov 27, 2019.
             Was an Elder of Okawaru.
             Killed by the air
             ... invoked by Gastronok
              (28 damage)
             ... on level 9 of the Dungeon.
             The game lasted 00:16:40 (6858 turns).

Peloso the Carver (Minotaur Fighter)                Turns: 6858, Time: 00:16:40

Health: -5/88      AC: 14    Str: 25    XL:     10   Next: 54%
Magic:  8/9        EV: 12    Int:  7    God:    Okawaru [****..]
Gold:   339        SH: 14    Dex: 11    Spells: 9/9 levels left

rFire    . . .     SeeInvis .   a - +3 long sword (freeze)
rCold    . . .     Gourm    +   c - +0 shield
rNeg     . . .     Faith    .   b - +0 chain mail (curse)
rPois    +         Spirit   .   (helmet restricted)
rElec    .         Reflect  .   F - +0 cloak
rCorr    .         Harm     .   (no gloves)
MR       +....     Clarity  +   (no boots)
Stlth    ..........             D - amulet of the gourmand
HPRegen  0.24/turn              l - ring of protection from magic
MPRegen  0.11/turn              v - ring of poison resistance

@: heroism
A: retaliatory headbutt, horns 2, clarity, clever 1, strong 1
a: Heroism, Renounce Religion


You were on level 9 of the Dungeon.
You worshipped Okawaru.
Okawaru was greatly pleased with you.
You were very full.

You visited 2 branches of the dungeon, and saw 10 of its levels.

You collected 514 gold pieces.
You spent 175 gold pieces at shops.

Inventory:

Hand Weapons
 a - a +3 long sword of freezing (weapon)
 B - a +0 whip of flaming
Armour
 b - a cursed +0 chain mail (worn)
 c - a +0 shield (worn)
 F - a +0 cloak (worn)
Jewellery
 l - a ring of protection from magic (left hand)
 p - an uncursed ring of flight
 s - an uncursed ring of protection from cold
 t - a +2 ring of dexterity
 v - a ring of poison resistance (right hand)
 D - an amulet of the gourmand (around neck)
 H - an uncursed ring of protection from cold
 J - an uncursed ring of fire {unknown}
Wands
 e - a wand of scattershot (4)
 u - a wand of digging (5)
 A - a wand of acid (3)
 E - a wand of iceblast (11)
Scrolls
 g - 4 scrolls of enchant weapon
 h - a scroll of enchant armour {unknown}
 i - a scroll of identify
 j - 2 scrolls of magic mapping {unknown}
 k - 4 scrolls of teleportation
 m - 5 scrolls of remove curse
 o - 2 scrolls of fog
 x - a scroll of blinking {unknown}
 y - 3 scrolls of vulnerability {unknown}
 z - a scroll of amnesia {unknown}
Potions
 d - 2 potions of might
 n - a potion of heal wounds
 q - a potion of haste
 r - 5 potions of curing
 w - 2 potions of flight
 C - a potion of magic
 G - a potion of mutation
 I - a potion of ambrosia
Comestibles
 f - 14 rations


   Skills:
 + Level 7.8(12.8) Fighting
 + Level 11.7(16.7) Long Blades
 + Level 9.6(14.6) Armour
 + Level 3.2(8.2) Dodging
 + Level 1.3(6.3) Stealth
 + Level 9.5(14.5) Shields
 + Level 0.3 Invocations


You had 9 spell levels left.
You didn't know any spells.
Your spell library was empty.

Dungeon Overview and Level Annotations

Branches:
Dungeon (9/15)             Temple (1/1) D:6
   Lair: D:8-11         Orc: D:9-12

Altars:
Ashenzari
Cheibriados
Dithmenos
Fedhas
Hepliaklqana
Kikubaaqudgha
Makhleb
Nemelex Xobeh
Okawaru
Qazlal
Ru
Sif Muna
Trog
Uskayaw
Vehumet
Wu Jian
Xom
Yredelemnul
Zin
The Shining One

Shops:
D:4 ?

Annotations:
D:5 2 transporters
D:9 Gastronok


Innate Abilities, Weirdness & Mutations

You reflexively headbutt those who attack you in melee.
You have a pair of horns on your head.
You possess an exceptional clarity of mind.
Your mind is acute. (Int +2)
Your muscles are strong. (Str +2)


Message History

Gastronok is heavily wounded.
You block Gastronok's attack.
You slash Gastronok! You freeze Gastronok.
Gastronok is heavily wounded.
You hit Gastronok but do no damage. You headbutt Gastronok.
Gastronok is heavily wounded.
You hit Gastronok. You freeze Gastronok.
Gastronok is severely wounded.
Gastronok bites you!
* * * LOW HITPOINT WARNING * * *
You slash Gastronok! You freeze Gastronok. You headbutt Gastronok.
Gastronok is severely wounded.
You hit Gastronok. You freeze Gastronok.
You headbutt Gastronok, but do no damage.
Gastronok is severely wounded.
You slash Gastronok! You freeze Gastronok.
Gastronok is almost dead.
Gastronok waves his eye-stalks in wide circles.
The air twists around and strikes you!!
You die...

#...#.# ##.#.##
#..# ##.## #./#
##.## #..# #...#
#..# #.#.### #..#
...#...# #..#
#.#####.#
##w.#####. #.
#.)(# #.@....... #
#.#/#####.#######$
#(..)..)†..#
##.#######$# #.
### .# #. ### .#
#. ._. .# .. #.#
.. .. #.# ..


You could see Gastronok.

Vanquished Creatures
  2 two-headed ogres
  Pikel (D:7)
  Joseph (D:8)
  A wyvern (D:8)
  Eustachio (D:5)
  Edmund (D:5)
  A soldier ant (D:7)
  2 water moccasins
  An ice beast (D:4)
  A black bear (D:7)
  3 sky beasts
  An orc warrior (D:6)
  2 slaves (D:7)
  3 ogres
  4 phantoms
  A centaur (D:7)
  A big kobold (D:8)
  5 bullfrogs
  A gnoll sergeant (D:8)
  A scorpion (D:8)
  2 wyvern skeletons
  5 wights
  11 killer bees
  A howler monkey (D:5)
  2 jellies (D:7)
  2 hounds (D:8)
  A quasit (D:7)
  2 orc priests
  A gnoll shaman (D:8)
  An orc wizard (D:7)
  7 worker ants
  11 gnolls (D:8)
  10 adders
  3 shadow imps
  An ooze (D:6)
  A dart slug (D:4)
  5 leopard geckos
  12 orcs
  A ball python (D:2)
  9 giant cockroaches
  6 hobgoblins
  6 jackals
  A quokka (D:3)
  9 bats
  4 frilled lizards
  10 goblins
  10 kobolds
  6 rats
174 creatures vanquished.

Vanquished Creatures (others)
  2 slaves (D:7)
  An orc (D:7)
3 creatures vanquished.

Grand Total: 177 creatures vanquished

Notes
Turn   | Place    | Note
-------+----------+-------------------------------------------
     0 | D:1      | Peloso the Minotaur Fighter began the quest for the Orb.
     0 | D:1      | Reached XP level 1. HP: 19/19 MP: 0/0
    82 | D:1      | Reached XP level 2. HP: 24/27 MP: 1/1
   431 | D:1      | Gained mutation: Your mind is acute. (Int +2) [potion of
                  | mutation]
   431 | D:1      | Gained mutation: Your muscles are strong. (Str +2) [potion
                  | of mutation]
   431 | D:1      | Gained mutation: You possess an exceptional clarity of
                  | mind. [potion of mutation]
   611 | D:2      | Reached XP level 3. HP: 25/33 MP: 2/2
   978 | D:2      | Reached skill level 3 in Long Blades
  1359 | D:3      | Reached XP level 4. HP: 30/41 MP: 3/3
  1378 | D:3      | Found a hide-covered altar of Uskayaw.
  1473 | D:3      | Found a sparkling altar of Nemelex Xobeh.
  1474 | D:3      | Found a burning altar of Makhleb.
  1940 | D:4      | Noticed an ice beast
  1954 | D:4      | Killed an ice beast
  1954 | D:4      | Reached skill level 4 in Long Blades
  1954 | D:4      | Reached skill level 5 in Shields
  1954 | D:4      | Reached XP level 5. HP: 35/47 MP: 4/4
  1963 | D:4      | Found Urufuf's Magic Scroll Shop.
  1975 | D:4      | Bought a scroll of remove curse for 42 gold pieces
  1975 | D:4      | Bought a scroll of identify for 28 gold pieces
  1975 | D:4      | Bought a scroll of enchant weapon for 105 gold pieces
  2526 | D:5      | Entered Level 5 of the Dungeon
  2526 | D:5      | Noticed a water moccasin
  2529 | D:5      | Noticed a sky beast
  2551 | D:5      | Killed a water moccasin
  2551 | D:5      | Reached skill level 5 in Long Blades
  2551 | D:5      | Reached skill level 5 in Armour
  2551 | D:5      | Reached XP level 6. HP: 23/53 MP: 5/5
  2554 | D:5      | Killed a sky beast
  2554 | D:5      | Reached skill level 1 in Dodging
  2787 | D:5      | Noticed Edmund
  2803 | D:5      | Killed Edmund
  2803 | D:5      | Reached skill level 5 in Fighting
  2803 | D:5      | Reached XP level 7. HP: 36/61 MP: 6/6
  2853 | D:5      | Reached skill level 6 in Long Blades
  2953 | D:5      | Noticed Eustachio
  2975 | D:5      | Killed Eustachio
  3155 | D:5      | Found a transporter.
  3157 | D:5      | Noticed a fire bat
  3157 | D:5      | Noticed a fire bat
  3157 | D:5      | Noticed a fire bat
  3295 | D:5      | Reached skill level 7 in Long Blades
  3295 | D:5      | Reached XP level 8. HP: 61/69 MP: 7/7
  3356 | D:5      | Found a transporter.
  3692 | D:6      | Found a snail-covered altar of Cheibriados.
  3702 | D:6      | Found a staircase to the Ecumenical Temple.
  3713 | Temple   | Entered the Ecumenical Temple
  3762 | Temple   | Became a worshipper of Warmaster Okawaru
  4041 | D:6      | Reached skill level 8 in Long Blades
  4254 | D:7      | Reached skill level 1 in Stealth
  4263 | D:6      | Reached * piety under Okawaru
  4520 | D:7      | Noticed Pikel
  4568 | D:7      | Killed Pikel
  4568 | D:7      | Reached skill level 9 in Long Blades
  4568 | D:7      | Reached XP level 9. HP: 35/75 MP: 5/8
  4601 | D:7      | Reached ** piety under Okawaru
  4981 | D:7      | Found a radiant altar of Vehumet.
  4983 | D:7      | Reached skill level 10 in Long Blades
  5043 | D:7      | Noticed an angel
  5044 | D:7      | Found a glowing silver altar of Zin.
  5169 | D:7      | Found a stormy altar of Qazlal.
  5625 | D:8      | Found a sacrificial altar of Ru.
  6059 | D:8      | Reached *** piety under Okawaru
  6131 | D:8      | Reached XP level 10. HP: 46/86 MP: 9/9
  6556 | D:8      | Noticed Joseph
  6573 | D:8      | Killed Joseph
  6573 | D:8      | Reached skill level 11 in Long Blades
  6589 | D:8      | Noticed a two-headed ogre
  6599 | D:8      | Killed a two-headed ogre
  6658 | D:8      | Reached **** piety under Okawaru
  6732 | D:8      | Found a sparkling altar of Nemelex Xobeh.
  6823 | D:9      | Noticed a two-headed ogre
  6829 | D:9      | Killed a two-headed ogre
  6834 | D:9      | Found a glowing golden altar of the Shining One.
  6843 | D:9      | Noticed Gastronok
  6858 | D:9      | Killed from afar by Gastronok

Levels and vault maps discovered:
D:1:      dpeg_arrival_erosion, layout_basic
D:2:      layout_rooms
D:3:      layout_basic, overflow_temple_1_default,
          gammafunk_temple_overflow_pools, minivault_11
D:4:      layout_basic, serial_shops, nicolae_shop_window_shopping,
          minmay_splitting_lines
D:5:      gammafunk_cloud_chamber, layout_loops_ring, first_ration,
          uniq_eustachio, uniq_edmund
D:6:      layout_loops_cross, nicolae_overflow_crystal_walls,
          minmay_temple_entry_glassed_door
D:7:      corexii_shack_village, layout_cave_pools, vehumet_crystals,
          nicolae_qazlal_style_of_elements, zin_angel, uniq_pikel
D:8:      layout_cave_pools, basic_altar, nemelex_spade_bored_becter,
          uniq_joseph
D:9:      lemuel_flame_loot_2, layout_loops_ring, lemuel_doored_altar,
          grunt_gozag_statues, uniq_gastronok
Temple:   dshaligram_water_room_temple

Skill      XL: |  1  2  3  4  5  6  7  8  9 10 |
---------------+-------------------------------+-----
Shields        | 4 5 6 7 8 9 |  9.5
Fighting       | 4 5 6 7 |  7.8
Armour         | 4 5 6 8 9 |  9.6
Long Blades    | 3 4 5 7 9 10 11 | 11.7
Dodging        | 1 2 3 |  3.2
Stealth        | 1 |  1.3
Invocations    | |  0.3

Action                   |  1- 3 |  4- 6 |  7- 9 | 10-12 || total
-------------------------+-------+-------+-------+-------++-------
Melee: Long sword        |    93 |    92 |   338 |    95 ||   618
       Headbutt          |    16 |    10 |    85 |    20 ||   131
Invok: Heroism           |       |       |     1 |     3 ||     4
  Use: Potion            |     6 |     5 |     1 |       ||    12
       Scroll            |       |     4 |     1 |     1 ||     6
  Eat: Chunk             |       |     6 |    10 |     8 ||    24
       Ration            |       |       |     1 |       ||     1
Armor: Scale mail        |    62 |     1 |       |       ||    63
       Chain mail        |       |    54 |   153 |    24 ||   231
Dodge: Dodged            |    43 |    25 |   129 |    17 ||   214
Block: Shield            |    51 |    46 |   224 |    39 ||   360
       Rpst.: Long sword |    15 |     7 |    28 |     3 ||    53
